 Dungeon Crawl Stone Soup version 0.20-a0-1056-g7622305 (webtiles) character file.

58 AAAAA the Skirmisher (level 4, -1/37 HPs)
             Began as a Formicid Chaos Knight on Apr 26, 2017.
             Slain by Robin
             ... wielding a +0 mace
              (8 damage)
             ... on level 2 of the Dungeon.
             The game lasted 00:02:00 (723 turns).

AAAAA the Skirmisher (Formicid Chaos Knight)         Turns: 723, Time: 00:02:00

Health: -1/37      AC:  5    Str: 17    XL:     4   Next: 21%
Magic:  4/4        EV: 11    Int: 10    God:    Xom [..*...]
Gold:   73         SH:  0    Dex: 10    Spells: 3/3 levels left

rFire    . . .     SeeInvis +   a - +0 hand axe (chaos)
rCold    . . .     Gourm    .   (no shield)
rNeg     . . .     Faith    .   b - +2 leather armour
rPois    .         Spirit   .   (helmet unavailable)
rElec    .         Reflect  .   (no cloak)
rCorr    .         Harm     .   (no gloves)
MR       .....                  (no boots)
Stlth    ..........             (no amulet)
Regen    0.2/turn               m - ring of loudness (curse)
MPRegen  0.1/turn               j - -2 ring of intelligence (curse)

@: drained
A: permanent stasis, dig shafts and tunnels, four strong arms, antennae 3
a: Dig, Shaft Self, Renounce Religion


You were on level 2 of the Dungeon.
You worshipped Xom.
You were a toy of Xom.
You were not hungry.

You visited 1 branch of the dungeon, and saw 2 of its levels.

You collected 73 gold pieces.

Inventory:

Hand Weapons
 a - a +0 hand axe of chaos (weapon)
Missiles
 g - 70 stones (quivered)
Armour
 b - a +2 leather armour (worn)
Jewellery
 j - a cursed -2 ring of intelligence (right hand)
 m - a cursed ring of loudness (left hand)
Scrolls
 f - a scroll of immolation {unknown}
 h - 2 scrolls of noise {unknown}
 l - a scroll of fog {unknown}
 n - a scroll of enchant weapon {unknown}
 o - a scroll of magic mapping {unknown}
Potions
 e - a potion of brilliance {unknown}
 i - a potion of flight {unknown}
 k - a potion of might {unknown}
Comestibles
 c - a bread ration
 d - 2 chunks of flesh


   Skills:
 + Level 3.7 Fighting
 + Level 3.6 Axes
 + Level 3.4 Armour
 - Level 0.8 Dodging


You had 3 spell levels left.
You didn't know any spells.

Dungeon Overview and Level Annotations

Branches:
Dungeon (2/15)

Altars:

Annotations:
D:2 Robin


Innate Abilities, Weirdness & Mutations

You cannot be hasted, slowed, berserked, paralysed or teleported.
You can dig through walls and to a lower floor.
Your four strong arms can wield two-handed weapons with a shield.
You have a pair of large antennae on your head. (SInv)


Message History

You barely miss the goblin. The goblin closely misses you.
You miss the goblin. The goblin hits you with a club.
* * * LOW HITPOINT WARNING * * *
You hit the goblin.
You kill the goblin!
You hit Robin.
Robin seems to slow down.
Robin hits you but does no damage.
You hit Robin but do no damage.
Robin is moderately wounded.
You hit Robin.
You feel better.
Robin is heavily wounded.
Robin is no longer moving slowly.
Robin hits you with a mace.
* * * LOW HITPOINT WARNING * * *
You hit Robin.
Robin seems to speed up.
Xom is highly amused!
Robin is heavily wounded.
Robin barely misses you.
You barely miss Robin.
Robin is heavily wounded.
Robin hits you with a mace!
You die...

#.... #....
#####
############
#@g........#
#)########.#
#...#
##.#######
#.#.#
#....).g..
#.#<#
##########
#####


You could see Robin.

Vanquished Creatures
  A gnoll (D:1)
  An adder (D:2)
  2 dart slugs (D:1)
  2 giant cockroaches (D:1)
  14 goblins
  2 hobgoblins
  3 bats
  2 frilled lizards (D:1)
  3 kobolds
  4 rats (D:1)
34 creatures vanquished.

Notes
Turn   | Place    | Note
-------+----------+-------------------------------------------
     0 | D:1      | AAAAA the Formicid Chaos Knight began the quest for the Orb.
     0 | D:1      | Reached XP level 1. HP: 18/18 MP: 1/1
     0 | D:1      | Noticed a spriggan
     2 | D:1      | Noticed a centaur
     3 | D:1      | Noticed a naga
     5 | D:1      | Noticed a minotaur
     6 | D:1      | Noticed a dwarf
     8 | D:1      | Noticed a naga
    13 | D:1      | Noticed a gargoyle
    15 | D:1      | Noticed a troll
    19 | D:1      | Noticed an octopode
    79 | D:1      | XOM: silly message
   213 | D:1      | Reached XP level 2. HP: 24/24 MP: 2/2
   279 | D:1      | Reached XP level 3. HP: 27/29 MP: 3/3
   584 | D:1      | XOM: harmless Air miscast
   614 | D:2      | XOM: harmless Fire miscast
   675 | D:2      | Reached XP level 4. HP: 32/37 MP: 4/4
   676 | D:2      | Noticed Robin
   723 | D:2      | Slain by Robin

Vault maps used:
D:1:      shiori_arrival_whats_in_store_for_you
D:2:      makhleb_heckhound_becter, minmay_misc_feat_hallway, uniq_robin

Skill      XL: |  1  2  3 |
---------------+----------+-----
Armour         | 3 |  3.4
Fighting       | |  3.7
Axes           | |  3.6
Dodging        | |  0.8

Action                   |  1- 3 |  4- 6 || total
-------------------------+-------+-------++-------
Melee: Hand axe          |    66 |    20 ||    86
Armor: Leather armour    |    29 |     5 ||    34
Dodge: Dodged            |    43 |    12 ||    55
